 Dungeon Crawl Stone Soup version 0.27-a0-457-gba82baf56e (webtiles) character file.

Game seed: 3692320183195552534

401 Chiseanne the Skirmisher (level 6, -8/48 HPs)
             Began as a Demonspawn Wanderer on Feb 28, 2021.
             Was a Follower of Vehumet.
             Mangled by an ogre
             ... wielding a +0 giant club
              (29 damage)
             ... on level 4 of the Dungeon.
             The game lasted 00:07:59 (4722 turns).

Chiseanne the Skirmisher (Demonspawn Wanderer)      Turns: 4722, Time: 00:08:00

Health: -8/48      AC:  4    Str: 11    XL:     6   Next: 54%
Magic:  8/8        EV: 12    Int: 15    God:    Vehumet [*.....]
Gold:   204        SH:  0    Dex: 14    Spells: 7/8 levels left

rFire    . . .     SeeInvis .   a - +3 dagger (speed)
rCold    . . .     Faith    .   (no shield)
rNeg     . . .     Spirit   .   y - +1 leather armour
rPois    .         Reflect  .   (no helmet)
rElec    .         Harm     .   (no cloak)
rCorr    .         Rampage  .   (no gloves)
Will     .....                  (no boots)
Stlth    +.........             (no amulet)
HPRegen  0.16/turn              (no ring)
MPRegen  0.22/turn              (no ring)

@: no status effects
A: hooves 2, magic regeneration
a: Renounce Religion


You were on level 4 of the Dungeon.
You worshipped Vehumet.
Vehumet was aware of your devotion.
You visited 1 branch of the dungeon, and saw 4 of its levels.

You collected 204 gold pieces.

Inventory:

Hand Weapons
 a - a +3 dagger of speed (weapon)
 w - a +2 shortbow of flaming
Missiles
 b - a throwing net (quivered)
 d - 54 bolts
 f - 42 sling bullets
 g - 98 stones
 i - 8 poisoned darts
 k - 64 arrows
 o - 4 javelins
Armour
 y - a +1 leather armour (worn)
Magical Staves
 t - a staff of air
Jewellery
 j - a +4 ring of evasion
 m - an amulet of regeneration
 n - a +6 ring of strength
Wands
 s - a wand of mindburst (14)
Scrolls
 r - 3 scrolls of teleportation
 u - a scroll of identify
 x - a scroll of magic mapping
Potions
 c - 3 potions of haste
 e - 3 potions of curing
 l - 2 potions of ambrosia
 p - a potion of heal wounds {unknown}
 q - a potion of invisibility


   Skills:
 - Level 4.2 Fighting
 - Level 1.0 Bows
 - Level 2.6 Crossbows
 - Level 1.0 Throwing
 * Level 3.4 Armour
 - Level 3.1 Dodging
 - Level 1.0 Shields
 * Level 1.7 Spellcasting
 * Level 0.9 Conjurations
 * Level 0.7 Fire Magic


You had 7 spell levels left.
You knew the following spells:

 Your Spells              Type           Power        Failure   Level
a - Foxfire               Conj/Fire      12%          21%         1

Your spell library contained the following spells:

 Spells                   Type           Power        Failure   Level


Dungeon Overview and Level Annotations

Branches:
Dungeon (4/15)
 Temple: D:4-7

Altars:
Ashenzari
Fedhas
Kikubaaqudgha
Qazlal
Ru
Sif Muna
Vehumet
Zin


Innate Abilities, Weirdness & Mutations

You have hoof-like feet.
You regenerate magic rapidly.


Message History

Fire: 67 arrows
Press: ? - help, Q - select action, (/) - cycle Shift-Dir - straight line, f/p - orc
Aim: an orc, wielding a +0 falchion and quivering silver boomerangs (63% to hit)
You shoot an arrow. The arrow barely misses the orc.
Fire: 66 arrows
Press: ? - help, Q - select action, (/) - cycle Shift-Dir - straight line, f/p - orc
Aim: an orc, wielding a +0 falchion and quivering silver boomerangs (63% to hit)
You shoot an arrow. The arrow closely misses the orc.
Fire: 65 arrows
Press: ? - help, Q - select action, (/) - cycle Shift-Dir - straight line, f/p - orc
Aim: an orc, wielding a +0 falchion and quivering silver boomerangs (63% to hit)
You shoot an arrow. The arrow closely misses the orc.
The orc hits you with a +0 falchion.
The orc throws a silver boomerang.
The silver boomerang barely misses you.
You see here a frilled lizard corpse.
Your +2 shortbow of flaming stops flaming.
Your hands tingle!
a - a +3 dagger of speed (weapon)
Aiming: Mindburst
Press: ? - help, Shift-Dir - straight line, f/p - orc
Aim: an orc, wielding a +0 falchion and quivering silver boomerangs (chance to affect: 80%)
The ogre's mind is blasted!
You hit the ogre but do no damage.
The ogre is heavily wounded.
The ogre hits you with a +0 giant club!!
Ouch! That really hurt!
You closely miss the ogre.
The ogre is heavily wounded.
You hit the ogre.
The ogre is severely wounded.
The ogre barely misses you.
Throw: dart (curare)
Press: ? - help, Q - select action, (/) - cycle Shift-Dir - straight line, f/p - orc
Aim: an orc, wielding a +0 falchion and quivering silver boomerangs (60% to hit)
You throw a curare-tipped dart.
The curare-tipped dart barely misses the ogre.
The curare-tipped dart completely misses the orc.
The ogre hits you with a +0 giant club!!
Ouch! That really hurt!
You die...

##.##.# #8.8#.# ##.##.#
##.##.### #8.8#.... ###
####.######
####8###8##.##8##8
#.'........)......
#@##8###8##.##8##8
#O#### ####.###### #o#
8.8 #...
...............##.###...
........(.....( #.# #...
#...###(......( 8.8 #...
.#. ##......( #.###.[. #
....... #.... .......
###.


You could see an ogre and an orc.

Vanquished Creatures
  A centaur (D:3)
  A hound (D:4)
  An orc priest (D:3)
  A worker ant (D:4)
  Terence (D:3)
  An iguana (D:3)
  3 gnolls
  4 adders
  An ooze (D:1)
  4 worms
  4 dart slugs
  3 leopard geckos
  8 orcs (D:3)
  10 bats
  3 giant cockroaches
  4 goblins
  11 hobgoblins
  4 jackals
  3 quokkas
  8 frilled lizards
  7 kobolds
  9 rats
92 creatures vanquished.

Notes
Turn   | Place    | Note
-------+----------+-------------------------------------------
     0 | D:1      | Chiseanne the Demonspawn Wanderer began the quest for the
                  | Orb.
     0 | D:1      | Chiseanne set off with the following items: a +2 dagger, 4
                  | curare-tipped darts, a +0 hand crossbow, 22 bolts, a potion
                  | of curing, a +0 robe
     0 | D:1      | Reached XP level 1. HP: 18/18 MP: 1/1
   297 | D:1      | Gained mutation: You regenerate magic rapidly. [demonic
                  | ancestry]
   297 | D:1      | Reached XP level 2. HP: 23/24 MP: 2/2
   307 | D:1      | Reached skill level 1 in Dodging
   670 | D:1      | Reached XP level 3. HP: 27/29 MP: 3/3
  1646 | D:2      | Found a faded altar of an unknown god.
  1737 | D:2      | Found an ancient bone altar of Kikubaaqudgha.
  1845 | D:2      | Found a blossoming altar of Fedhas.
  1912 | D:2      | Found a shimmering blue altar of Sif Muna.
  1912 | D:2      | Found a radiant altar of Vehumet.
  1912 | D:2      | Found a glowing silver altar of Zin.
  1912 | D:2      | Found a broken altar of Ashenzari.
  1921 | D:2      | Became a worshipper of Vehumet
  1927 | D:2      | Found a stormy altar of Qazlal.
  1927 | D:2      | Found a sacrificial altar of Ru.
  1992 | D:2      | Reached XP level 4. HP: 37/37 MP: 4/4
  2250 | D:3      | Noticed Terence
  2269 | D:3      | Killed Terence
  2281 | D:3      | Reached skill level 4 in Fighting
  2698 | D:3      | Gained mutation: You have large cloven feet. [demonic
                  | ancestry]
  2698 | D:3      | Reached XP level 5. HP: 24/42 MP: 5/5
  3183 | D:3      | Reached * piety under Vehumet
  3183 | D:3      | Offered knowledge of Foxfire by Vehumet.
  3186 | D:3      | Learned a level 1 spell: Foxfire
  3202 | D:3      | Noticed a centaur
  3232 | D:3      | Killed a centaur
  3233 | D:3      | Reached skill level 1 in Spellcasting
  3233 | D:3      | Gained mutation: You have hoof-like feet. [demonic
                  | ancestry]
  3233 | D:3      | Reached XP level 6. HP: 27/48 MP: 5/7
  4722 | D:4      | Mangled by an ogre

Illustrated notes

Levels and vault maps discovered:
D:1:      dpeg_arrival_rhombus, layout_basic
D:2:      layout_basic, grunt_temple_overflow_growth_and_decay,
          minmay_overflow_temple_hex, chequers_ecumenical_altar_island
D:3:      minmay_general_purpose_star, layout_loops_ring,
          minmay_misc_feat_secret_circle, minmay_misc_feat_cross,
          minmay_randomly_rotated_circles, uniq_terence
D:4:      layout_rooms, grunt_gozag_statues, kennysheep_slug_shrine,
          dk_noncrumbling_2, minmay_manual_moon, uniq_natasha

Skill      XL: |  1  2  3  4  5 |
---------------+----------------+-----
Dodging        | 1 2 3 |  3.1
Armour         | 2 3 |  3.4
Fighting       | 4 |  4.2
Spellcasting   | 1 |  1.7
Bows           | |  1.0
Crossbows      | |  2.6
Throwing       | |  1.0
Shields        | |  1.0
Conjurations   | |  0.9
Fire Magic     | |  0.7

Action                   |  1- 3 |  4- 6 || total
-------------------------+-------+-------++-------
Melee: Dagger            |   142 |   221 ||   363
       Kick              |       |    35 ||    35
 Fire: Hand crossbow     |    15 |    22 ||    37
       Shortbow          |       |    10 ||    10
Throw: Dart              |     5 |     5 ||    10
Evoke: Wand              |       |     1 ||     1
  Use: Scroll            |     2 |     7 ||     9
       Potion            |     1 |       ||     1
Armor: Ring mail         |    52 |    39 ||    91
       Robe              |     2 |       ||     2
       Leather armour    |       |     1 ||     1
Dodge: Dodged            |    90 |    81 ||   171

Table legend: (Time is in decaauts)
 A = Elapsed time spent in this place.
 B = Non-inter-level travel time spent in this place.
 C = Inter-level travel time spent in this place.
 D = Time resting spent in this place.
 E = Time spent auto-exploring this place.
 F = Levels seen in this place.
 G = Mean time per level.
                   A        B        C        D        E       F      G
               +--------+--------+--------+--------+--------+-----+--------+
         Total |   4661 |   4588 |     73 |   1600 |   2181 |   4 | 1165.2 |
       Dungeon |   4661 |   4588 |     73 |   1600 |   2181 |   4 | 1165.2 |
               +--------+--------+--------+--------+--------+-----+--------+

Top non-repeatable levels by time:
     D:3: 2056 daAuts
     D:1: 1103 daAuts
     D:2: 1012 daAuts
     D:4: 489 daAuts
